 Dungeon Crawl Stone Soup version 0.19.1-1-g22dce08 (webtiles) character file.

32 Peloso the Slasher (level 3, 0/30 HPs)
             Began as a Ghoul Gladiator on Dec 31, 2016.
             Slain by a gnoll
             ... wielding a +0 flail
              (5 damage)
             ... on level 1 of the Dungeon.
             The game lasted 00:02:38 (929 turns).

Peloso the Slasher (Ghoul Gladiator)                 Turns: 929, Time: 00:02:39

Health: 0/30       AC:  4    Str: 18    XL:     3   Next: 27%
Magic:  2/2        EV: 12    Int:  3    God:
Gold:   106        SH:  0    Dex: 10    Spells: 0 memorised, 2 levels left

rFire  . . .     SeeInvis .     a - +0 long sword
rCold  + . .     Gourm    .     b - +0 leather armour
rNeg   + + +     Faith    .     (no shield)
rPois  ∞         Spirit   .     c - +0 helmet
rElec  .         Reflect  .     (no cloak)
rCorr  .         Harm     .     (no gloves)
MR     .....                    (no boots)
Stlth  +.........               (no amulet)
                                (no ring)
                                (no ring)

@: rotting
A: rotting body, claws 1, carnivore 3, cold resistance 1, negative energy
resistance 3, slow regeneration 1, torment resistance, unbreathing
a: no special abilities


You were on level 1 of the Dungeon.
You were not hungry.

You visited 1 branch of the dungeon, and saw 2 of its levels.

You collected 106 gold pieces.

Inventory:

Hand Weapons
 a - a +0 long sword (weapon)
Missiles
 d - 3 throwing nets (quivered)
Armour
 b - a +0 leather armour (worn)
 c - a +0 helmet (worn)
Jewellery
 m - an uncursed amulet of the gourmand {unknown}
Scrolls
 g - a scroll of blinking {unknown}
 h - a scroll of enchant weapon {unknown}
 j - 2 scrolls of immolation {unknown}
 k - 2 scrolls of identify {unknown}
 o - a scroll of random uselessness {unknown}
 q - a scroll of fear {unknown}
Potions
 e - a potion of flight {unknown}
 i - 2 potions of mutation {unknown}
 l - a potion of brilliance {unknown}
 n - a potion of magic {unknown}
 p - a potion of lignification {unknown}
Comestibles
 f - a meat ration


   Skills:
 + Level 2.6 Fighting
 + Level 3.3 Long Blades
 + Level 1.7 Throwing
 + Level 3.0 Dodging


You had 2 spell levels left.
You didn't know any spells.

Dungeon Overview and Level Annotations

Branches:
Dungeon (2/15)

Altars:
Elyvilon
Qazlal


Innate Abilities, Weirdness & Mutations

Your body is rotting away.
You thrive on raw meat.
You are immune to poison.
You have sharp fingernails.
You are carnivorous and can eat meat at any time.
Your flesh is cold resistant. (rC+)
You are immune to negative energy. (rN+++)
You regenerate slowly when monsters are visible.
You are immune to unholy pain and torment.
You can survive without breathing.


Message History

You see here a giant cockroach corpse.
Why would you want to do that?
You butcher the giant cockroach corpse.
r - 2 chunks of flesh
There is a staircase leading out of the dungeon here.
Eat one of 2 chunks of flesh? (ye/n/q)
You start eating one of the 2 chunks of flesh.
You feel more resilient.
This raw flesh tastes great!
Eat a chunk of flesh? (ye/n/q)
You start eating the chunk of flesh.
You feel more resilient.
This raw flesh tastes great!
There is a stone staircase leading down here.
You climb downwards.
The gnoll hits you with a flail. The gnoll hits you.
There is a stone staircase leading up here.
The gnoll hits you with a flail. The gnoll hits you. The gnoll hits you!
* * * LOW HITPOINT WARNING * * *
You climb upwards.
There is a stone staircase leading down here.
You barely miss the gnoll. The gnoll hits you with a flail.
You die...

#...# #.###...##### # #...#
#.####......######## #...#
#......####..##..... ####.####
#.....## ##.....###
#.......###.#(#.# #.....##
####.##.##.##......## ##......##
)..(..........≈≈≈≈..####..≈§≈≈..#
####.##....#.≈≈≈≈≈≈......≈≈§≈§≈.#
#.#####.#.≈≈g@≈≈......≈≈≈≈≈≈.# #
#.###.÷...≈≈≈≈g≈......≈§§≈≈≈.# #
#.......#..≈≈≈≈g..#....≈≈≈≈§.# #
#####.#.#........##.#.....§.## #
#....#.###.#####...##..### #
###..###.# #.# ###....## #
#........# #.# #..#### #
#.....#### #.# #.## #.....# ##.#
##.#


You could see 3 gnolls.

Vanquished Creatures
  A worm (D:2)
  3 dart slugs (D:1)
  3 bats (D:1)
  2 giant cockroaches
  A goblin (D:2)
  5 hobgoblins (D:1)
  A ball python (D:2)
  A frilled lizard (D:1)
  5 kobolds (D:1)
  2 rats
24 creatures vanquished.

Notes
Turn   | Place    | Note
-------+----------+-------------------------------------------
     0 | D:1      | Peloso the Ghoul Gladiator began the quest for the Orb.
     0 | D:1      | Reached XP level 1. HP: 17/17 MP: 0/0
   182 | D:1      | Reached XP level 2. HP: 24/25 MP: 1/1
   666 | D:1      | Reached XP level 3. HP: 26/29 MP: 2/2
   853 | D:2      | Found a stormy altar of Qazlal.
   853 | D:2      | Found a white marble altar of Elyvilon.
   929 | D:1      | Slain by a gnoll

Skill      XL: |  1  2  3 |
---------------+----------+-----
Long Blades    | 3 |  3.3
Dodging        | 3 |  3.0
Fighting       | |  2.6
Throwing       | |  1.7

Action                   || total
-------------------------++-------
Melee: Long sword        ||    74
  Eat: Chunk             ||     2
Armor: Leather armour    ||    36
Dodge: Dodged            ||    62
       Rpst.: Long sword ||    15
